 Dungeon Crawl Stone Soup version 0.31-a0-221-gbddc013574 (webtiles) character file.

Game seed: 10245172889626629634

44 qw the Shooter (level 3, -1/21 HPs)
             Began as a Gargoyle Hexslinger on July 3, 2023.
             Slain by Robin
             ... wielding a +0 short sword
              (3 damage)
             ... on level 2 of the Dungeon.
             The game lasted 00:00:24 (831 turns).

qw the Shooter (Gargoyle Hexslinger)                 Turns: 831, Time: 00:00:25

Health: -1/21      AC:  5    Str: 11    XL:     3   Next: 62%
Magic:  4/4        EV: 12    Int: 13    God:
Gold:   30         SH:  0    Dex: 14    Spells: 3/4 levels left

rFire   . . .        a - +1 sling
rCold   . . .        (no shield)
rNeg    + . .        c - +0 robe
rPois   inf          (no helmet)
rElec   +            (no cloak)
rCorr   .            (no gloves)
SInv    .            (no boots)
Will    .....        (no amulet)
Stlth   +            (no ring)
HPRegen 0.23/turn    (no ring)
MPRegen 0.09/turn

%: no passive effects
@: no status effects
A: sickness immunity, AC +3, negative energy resistance 1, electricity
resistance, torment resistance 1, petrification resistance
a: no special abilities


You were on level 2 of the Dungeon.
You visited 1 branch of the dungeon, and saw 2 of its levels.

You collected 30 gold pieces.


Innate Abilities, Weirdness & Mutations

You are immune to sickness and miasma.
Your stone body is resilient. (AC +3)
You are immune to poison.
You resist negative energy. (rN+)
You are resistant to electric shocks. (rElec)
You are resistant to unholy torment.
You are immune to petrification.


   Skills:
 - Level 2.0 Fighting
 + Level 3.5 Ranged Weapons
 - Level 1.5 Dodging
 - Level 1.0 Spellcasting
 - Level 2.6 Hexes


You had 3 spell levels left.
You knew the following spells:

 Your Spells              Type           Power      Damage    Failure   Level
a - Slow                  Hex            28%        N/A       10%         1

Your spell library contained the following spells:

 Spells                   Type           Power      Damage    Failure   Level
 Inner Flame              Hex/Fire       4%         N/A       43%         3
 Portal Projectile        Hex/Tloc       8%         N/A       43%         3
 Cause Fear               Hex            3%         N/A       67%         4

Inventory:

Hand Weapons
 a - a +1 sling (weapon)
Armour
 c - a +0 robe (worn)
Potions
 d - a potion of curing

Dungeon Overview and Level Annotations

Branches:
Dungeon (2/15)

Altars:

Annotations:
D:2 Robin


Message History

You shoot a sling bullet.
The sling bullet closely misses the goblin.
The goblin misses you. Robin hits you with a +0 short sword.
The goblin hits you but does no damage.
The goblin unwields a +0 sling.
The goblin wields a +0 club.
The goblin barely misses you.
You shoot a sling bullet. The sling bullet hits the goblin.
The goblin is severely wounded.
The goblin hits you with a +0 dagger. The goblin hits you but does no damage.
The goblin barely misses you.
You shoot a sling bullet.
The sling bullet closely misses the goblin.
The goblin hits you but does no damage.
A hobgoblin comes into view.
Robin hits you but does no damage. The goblin closely misses you.
The goblin hits you but does no damage.
You shoot a sling bullet.
The sling bullet closely misses the goblin.
You hear a shout!
The goblin hits you but does no damage. Robin barely misses you.
The goblin hits you with a +0 dagger.
A hobgoblin comes into view.
A goblin comes into view. It is wielding a +0 club.
The goblin hits you with a +0 club.
You shoot a sling bullet.
The sling bullet closely misses the goblin.
The sling bullet closely misses the hobgoblin.
The goblin closely misses you. x2; The goblin barely misses you.
A goblin comes into view. It is wielding a +0 dagger.
The goblin closely misses you. The goblin hits you but does no damage.
You shoot a sling bullet. The sling bullet hits the goblin.
You kill the goblin!
The goblin no longer looks unusually strong.
The goblin barely misses you.
You shoot a sling bullet. The sling bullet barely misses Robin.
The goblin no longer looks unusually strong.
The hobgoblin no longer looks unusually strong.
The goblin hits you with a +0 club.
The hobgoblin hits you but does no damage.
The goblin hits you with a +0 dagger. Robin hits you with a +0 short sword.
You die...

##.#.#.........####
.##.###.......###.#.....#
.............#.#...####.#
######.##.##.##...####.###
##.#.#.#............<
##................##
##.##........##..#
#g##.##...####..#
###@##.##...# #..#
#ggggg....[..# #..#
#.#g##.##.#..# #..#
#..g##....#...##..#
#.####..## #.##..# gg .#
.# ##


You could see Robin (resistant), 3 hobgoblins and 4 goblins.

Vanquished Creatures
  A worm (D:2)
  A ball python (D:1)
  3 endoplasms (D:1)
  5 giant cockroaches (D:1)
  5 goblins
  3 hobgoblins
  3 jackals (D:1)
  4 kobolds
  A quokka (D:1)
  3 bats (D:1)
  3 frilled lizards (D:1)
  4 rats (D:1)
36 creatures vanquished.

Notes
Turn   | Place    | Note
-------+----------+-------------------------------------------
     0 | D:1      | qw the Gargoyle Hexslinger began the quest for the Orb.
     0 | D:1      | Reached XP level 1. HP: 12/12 MP: 2/2
     0 | D:1      | 0 ||| qw: Version: 0.3-a-40-ge99b1a8
     0 | D:1      | 0 ||| qw: Game counter: 564
     0 | D:1      | 0 ||| qw: Melee chars always use a shield: true
     0 | D:1      | 0 ||| qw: God list: Okawaru
     0 | D:1      | 0 ||| qw: Allow faded altars: false
     0 | D:1      | 0 ||| qw: Do Orc after clearing Dungeon:15 true
     0 | D:1      | 0 ||| qw: Do second Lair branch before Depths: true
     0 | D:1      | 0 ||| qw: Lair rune preference: random
     0 | D:1      | 0 ||| qw: Goals: Normal
     0 | D:1      | 0 ||| PLANNING D:1-11
    42 | D:1      | Reached XP level 2. HP: 16/16 MP: 3/3
   117 | D:1      | Reached skill level 3 in Ranged Weapons
   416 | D:1      | Reached XP level 3. HP: 21/21 MP: 4/4
   757 | D:1      | 757 ||| DRINKING 2 grey potions.
   758 | D:1      | 758 ||| DROPPING scroll of poison.
   811 | D:2      | Noticed Robin
   816 | D:2      | 816 ||| Stepping ~*~*~tactically~*~*~ (outnumbered).
   828 | D:2      | HP: 4/21 [goblin/+0 club[Robin] (5)]
   831 | D:2      | Slain by Robin

Levels and vault maps discovered:
D:1:      ncdulo_lavacross, layout_basic
D:2:      layout_loops_ring, uniq_natasha, uniq_robin, uniq_sigmund

Skill      XL: |  1  2  3 |
---------------+----------+-----
Ranged Weapons | 3 |  3.5
Fighting       | 2 |  2.0
Dodging        | |  1.5
Spellcasting   | |  1.0
Hexes          | |  2.6

Action                     || total
---------------------------++-------
   Fire: Sling             ||   125
    Use: Potion            ||     1
 Armour: Robe              ||    45
  Dodge: Dodged            ||    60

Table legend:
 A = Non-vault XP
 B = Vault XP
 C = Vault XP percentage of total XP
 D = Non-vault monster count
 E = Vault monster count
 F = Vault count percentage of total count
                 A         B        C        D         E       F
            +---------+---------+-------+---------+---------+-------
      Total |      55 |       9 |  14.1 |      31 |       5 |  13.9
            +---------+---------+-------+---------+---------+-------
        D:1 |      47 |       0 |   0.0 |      28 |       0 |   0.0
        D:2 |       8 |       9 |  52.9 |       3 |       5 |  62.5
            +---------+---------+-------+---------+---------+-------
